 Dungeon Crawl Stone Soup version 0.27-a0-323-gbd089401bb (webtiles) character file.

Game seed: 10748458595759756558

10896 gimp the Basher (level 11, -6/62 HPs)
             Began as a Gargoyle Artificer on Feb 11, 2021.
             Was a Priest of Nemelex Xobeh.
             Killed by divine providence
             ... invoked by a sphinx
              (14 damage)
             ... while paralysed by a sphinx
             ... in a volcano.
             The game lasted 00:42:10 (15034 turns).

gimp the Basher (Gargoyle Artificer)               Turns: 15034, Time: 00:42:10

Health: -6/62      AC: 25    Str: 18    XL:     11   Next: 69%
Magic:  26/26      EV:  2    Int: 13    God:    Nemelex Xobeh [***...]
Gold:   749        SH:  0    Dex: 10    Spells: 10/10 levels left

rFire    + . .     SeeInvis +   g - +1 flail (protect)
rCold    . . .     Faith    .   K - +0 kite shield
rNeg     + + .     Spirit   .   D - +2 scale mail of the Peculiar Bones {rF+ rN+ Slay+2}
rPois    ∞         Reflect  .   q - +2 hat
rElec    +         Harm     .   r - +2 cloak
rCorr    .         Rampage  .   l - +0 pair of gloves
Will     .....                  x - +0 pair of boots
Stlth    ..........             (no amulet)
HPRegen  0.20/turn              A - ring of see invisible
MPRegen  0.20/turn              y - ring of magical power

@: paralysed
A: negative energy resistance 1, electricity resistance, unbreathing,
petrification resistance, miasma immunity, AC +8
a: Renounce Religion, Draw Escape, Draw Destruction, Draw Summoning, Triple Draw


You were in a volcano.
You worshipped Nemelex Xobeh.
Nemelex Xobeh was most pleased with you.
You visited 3 branches of the dungeon, and saw 15 of its levels.
You also visited: Sewer, Ice Cave and Volcano.

You collected 749 gold pieces.

Inventory:

Hand Weapons
 b - a +0 morningstar
 g - a +1 flail of protection (weapon)
Missiles
 t - 9 silver boomerangs
 w - 64 poisoned darts
Armour
 l - a +0 pair of gloves (worn)
 q - a +2 hat (worn)
 r - a +2 cloak (worn)
 x - a +0 pair of boots (worn)
 B - a +0 troll leather armour {Purgy}
 D - the +2 scale mail of the Peculiar Bones (worn) {rF+ rN+ Slay+2}
   (You found it on level 7 of the Dungeon)

   It affects your accuracy and damage with ranged weapons and melee attacks
   (+2).
   It protects you from fire.
   It protects you from negative energy.
 F - a +2 leather armour of cold resistance
 K - a +0 kite shield (worn)
Jewellery
 y - a ring of magical power (right hand)
 A - a ring of see invisible (left hand)
Wands
 c - a wand of flame (14) (quivered)
 d - a wand of charming (9)
 e - a wand of random effects (8)
 j - a wand of polymorph (13)
 G - a wand of digging (5)
Scrolls
 h - a scroll of teleportation
 i - 2 scrolls of blinking
 k - 4 scrolls of amnesia
 E - a scroll of fog
 I - 2 scrolls of identify
Potions
 a - a potion of brilliance
 f - 3 potions of flight
 m - 2 potions of mutation
 n - 4 potions of curing
 o - 2 potions of lignification
 p - a potion of might
 s - 3 potions of haste
 u - 3 potions of attraction
 z - a potion of berserk rage
 C - a potion of invisibility
 H - a potion of ambrosia


   Skills:
 * Level 4.9 Fighting
 + Level 12.7 Maces & Flails
 - Level 6.0 Armour
 - Level 4.0 Dodging
 - Level 1.1 Stealth
 + Level 0.8 Shields
 - Level 5.5 Earth Magic
 + Level 8.8 Invocations
 - Level 2.6 Evocations


You had 10 spell levels left.
You didn't know any spells.
Your spell library contained the following spells:

 Spells                   Type           Power        Failure   Level
 Corona                   Hex            0%           99%         1
 Ensorcelled Hibernation  Hex/Ice        0%           100%        2
 Confusing Touch          Hex            0%           100%        3
 Dazzling Flash           Conj/Hex       0%           100%        3
 Tukima's Dance           Hex            0%           100%        3


Dungeon Overview and Level Annotations

Branches:
Dungeon (13/15)            Temple (1/1) D:5            Lair (1/6) D:10
  Sewer (visited)           IceCv (visited)         Volcano (1/1)
    Orc: D:9-12      Vaults: D:13-14

Altars:
Ashenzari
Cheibriados
Dithmenos
Elyvilon
Fedhas
Gozag
Hepliaklqana
Kikubaaqudgha
Makhleb
Nemelex Xobeh
Okawaru
Qazlal
Ru
Sif Muna
Trog
Uskayaw
Vehumet
Wu Jian
Xom
Yredelemnul
Zin
The Shining One

Shops:
D:13 ?

Portals:
Trove: D:10 (give +6 demon whip)

Annotations:
D:3 1 runed translucent door, Crazy Yiuf


Innate Abilities, Weirdness & Mutations

You are resistant to torment.
Your stone body is resilient. (AC +8)
You are immune to poison.
You resist negative energy. (rN+)
You are resistant to electric shocks. (rElec)
You can survive without breathing.
You are immune to petrification.
You are immune to miasma.


Message History

You hit the stone giant.
The stone giant is severely wounded.
The stone giant hits you but does no damage.
You hit the stone giant but do no damage.
The stone giant is severely wounded.
The stone giant barely misses you.
You hit the stone giant but do no damage.
The stone giant is severely wounded.
You block the stone giant's attack.
You hit the stone giant.
The stone giant is severely wounded.
The stone giant hits you!
You take 15 damage, and have 39/62 hp.
MASSIVE DAMAGE!!
You hit the stone giant but do no damage.
The stone giant is severely wounded.
The stone giant hits you!!
* * * LOW HITPOINT WARNING * * *
You take 23 damage, and have 16/62 hp.
MASSIVE DAMAGE!!
Okay, then.
You draw a card...
You have drawn Degeneration.
The stone giant evaporates and reforms as a sphinx!
The sphinx twists and deforms.
The fire elemental is dazed by the mutagenic energy.
You feel better.
The sphinx mumbles some strange words.
You suddenly lose the ability to move!
The fire elemental is lost in a daze.
The sphinx hits you but does no damage. The sphinx hits you.
The sphinx hits you but does no damage. The sphinx hits you but does no damage.
The sphinx hits you.
* * * LOW HITPOINT WARNING * * *
The sphinx hits you but does no damage. The sphinx hits you!
* * * LOW HITPOINT WARNING * * *
The sphinx hits you but does no damage. The sphinx hits you.
* * * LOW HITPOINT WARNING * * *
The fire elemental is lost in a daze.
The sphinx hits you but does no damage. x3
The sphinx mumbles some strange words.
Something smites you!
You die...
Your body glows slightly and disappears.

###.. ##...§...§§...
#....§§.≈.≈...
###..§§≈§≈§≈§≈≈.
#....§§§≈≈§≈≈≈≈≈
#....§§§§≈§≈§≈≈.
##....§§§§§≈≈§≈≈≈
###....§≈§§≈§≈≈§≈..
#H@....§§.≈§§§.≈...
#.E##.###.....§......
#..☼ ###
##.###.###... #..≈
### ### ##.# ....≈
#.. !$$.≈≈ ####.
§[§[.≈≈ #.§.. §≈§.§§§
#§§.. ##§≈.


You could see a sphinx (misshapen) and a fire elemental (dazed).

Vanquished Creatures
  A two-headed ogre (D:8)
  An orc sorcerer (D:7)
  Psyche (D:9)
  3 ice devils
  A komodo dragon (Lair:1)
  2 trolls
  Grinder (D:3)
  11 yaks
  2 wyverns (D:9)
  A warg (D:10)
  Menkaure (D:4)
  2 water moccasins (D:9)
  2 black bears (D:7)
  2 ice beasts
  4 sky beasts
  6 orc warriors
  Purgy (Sewer)
  An eye of draining (D:9)
  3 ogres
  3 centaurs
  3 phantoms
  7 bullfrogs
  An earth elemental (Volcano)
  3 killer bees (D:8)
  3 scorpions
  A water moccasin skeleton (D:9)
  9 wights
  3 howler monkeys
  A bullfrog zombie (D:8)
  4 jellies
  A quasit (D:9)
  8 orc priests
  A bullfrog skeleton (D:2)
  A gnoll shaman (D:7)
  4 hounds
  2 centaur skeletons (D:10)
  Ijyb (D:3)
  4 iguanas
  15 orc wizards
  7 worker ants
  A hound zombie (D:8)
  2 hound skeletons
  Robin (D:4)
  A howler monkey zombie (D:9)
  A worker ant zombie (D:9)
  A howler monkey skeleton (D:7)
  7 gnolls
  19 adders
  2 river rats (D:6)
  2 shadow imps
  3 white imps
  4 ufetubi
  2 oozes
  An adder skeleton (D:4)
  2 worms (D:6)
  3 dart slugs
  6 leopard geckos
  38 orcs
  A ball python (D:2)
  6 bats
  6 giant cockroaches
  17 goblins
  9 hobgoblins
  17 jackals
  3 quokkas
  4 frilled lizards
  A jackal skeleton (D:6)
  13 kobolds
  4 rats
305 creatures vanquished.

Vanquished Creatures (collateral kills)
  2 ice devils (IceCv)
  2 orcs (D:3)
  A bat (D:1)
  A goblin (D:1)
  A hobgoblin (D:1)
  A frilled lizard (D:1)
  A kobold (D:1)
9 creatures vanquished.

Vanquished Creatures (others)
  A warg (D:10)
  A hobgoblin (D:1)
  3 plants (D:9)
5 creatures vanquished.

Grand Total: 319 creatures vanquished

Notes
Turn   | Place    | Note
-------+----------+-------------------------------------------
     0 | D:1      | gimp the Gargoyle Artificer began the quest for the Orb.
     0 | D:1      | Reached XP level 1. HP: 12/12 MP: 1/1
   343 | D:1      | Reached XP level 2. HP: 17/17 MP: 2/2
   895 | D:1      | Reached XP level 3. HP: 21/23 MP: 3/3
  1068 | D:2      | Found a hazy altar of Hepliaklqana.
  1237 | D:2      | Reached skill level 1 in Maces & Flails
  1565 | D:2      | Reached XP level 4. HP: 27/28 MP: 4/4
  1601 | D:2      | Reached skill level 1 in Earth Magic
  1608 | D:2      | Reached skill level 2 in Maces & Flails
  2251 | D:2      | Reached XP level 5. HP: 29/32 MP: 5/5
  2427 | D:3      | Found a runed translucent door.
  2428 | D:3      | Noticed Crazy Yiuf
  2463 | D:3      | Found a burning altar of Makhleb.
  2720 | D:3      | Noticed an ogre
  2850 | D:3      | Noticed Grinder
  2859 | D:3      | Reached skill level 3 in Maces & Flails
  2949 | D:3      | Paralysed by Grinder for 2 turns
  2957 | D:3      | Paralysed by Grinder for 2 turns
  2961 | D:3      | Killed Grinder
  2962 | D:3      | Reached skill level 4 in Maces & Flails
  2962 | D:3      | Reached XP level 6. HP: 15/37 MP: 6/6
  3370 | D:3      | Noticed Ijyb
  3382 | D:3      | Killed Ijyb
  3680 | D:3      | Reached XP level 7. HP: 32/41 MP: 7/7
  3771 | D:3      | Found an opulent altar of Gozag.
  4470 | D:4      | Noticed Robin
  4511 | D:4      | Killed Robin
  4552 | D:3      | Reached skill level 5 in Maces & Flails
  5205 | D:4      | Reached skill level 5 in Armour
  5205 | D:4      | Reached XP level 8. HP: 31/46 MP: 8/8
  5353 | D:4      | Noticed Menkaure
  5357 | D:4      | Killed Menkaure
  5358 | D:4      | Reached skill level 6 in Maces & Flails
  5471 | D:4      | Reached skill level 5 in Earth Magic
  5660 | D:5      | Entered Level 5 of the Dungeon
  6361 | D:5      | Found a staircase to the Ecumenical Temple.
  6369 | Temple   | Entered the Ecumenical Temple
  6376 | Temple   | Became a worshipper of Nemelex Xobeh the Trickster
  6644 | D:5      | Reached skill level 7 in Maces & Flails
  6857 | D:5      | Reached skill level 1 in Invocations
  7086 | D:6      | Found a glowing drain.
  7110 | D:6      | Reached skill level 1 in Dodging
  7284 | D:6      | Reached XP level 9. HP: 37/50 MP: 10/10
  7335 | Sewer    | Entered a sewer
  7421 | Sewer    | Noticed Purgy
  7443 | Sewer    | Killed Purgy
  7649 | D:6      | Reached * piety under Nemelex Xobeh
  7730 | D:6      | Reached skill level 8 in Maces & Flails
  7819 | D:6      | Received a gift from Nemelex Xobeh
  8067 | D:7      | Got a faintly humming scale mail
  8078 | D:7      | Identified the +2 scale mail of the Peculiar Bones {rF+ rN+
                  | Slay+2} (You found it on level 7 of the Dungeon)
  8399 | D:7      | Noticed an orc sorcerer
  8403 | D:7      | Killed an orc sorcerer
  8404 | D:7      | Reached skill level 9 in Maces & Flails
  8914 | D:8      | Reached ** piety under Nemelex Xobeh
  8931 | D:8      | Reached XP level 10. HP: 55/56 MP: 13/13
  9009 | D:8      | Reached skill level 5 in Invocations
  9464 | D:8      | Found an ancient bone altar of Kikubaaqudgha.
  9744 | D:8      | Reached skill level 10 in Maces & Flails
  9752 | D:8      | Noticed a two-headed ogre
  9766 | D:8      | Killed a two-headed ogre
 10485 | D:9      | Noticed Psyche
 10498 | D:9      | Killed Psyche
 10499 | D:9      | Reached skill level 11 in Maces & Flails
 10977 | D:9      | Received a gift from Nemelex Xobeh
 11282 | D:9      | Reached XP level 11. HP: 53/60 MP: 16/16
 11486 | D:9      | Reached skill level 12 in Maces & Flails
 11860 | D:9      | Reached *** piety under Nemelex Xobeh
 12058 | D:10     | Entered Level 10 of the Dungeon
 12435 | D:10     | Found the +9 sword of Zonguldrok {reap}
 12576 | D:10     | Found a staircase to the Lair.
 13357 | D:10     | Found a portal to a secret trove of treasure.
 13501 | D:11     | You fall into a shaft and drop 2 floors!
 13501 | D:13     | Noticed a white ugly thing
 13504 | D:13     | Noticed a deep elf pyromancer
 13505 | D:13     | Noticed a cyclops
 13507 | D:13     | Noticed a two-headed ogre
 13510 | D:13     | Found Iqamenwi's Magic Scroll Boutique.
 13602 | D:12     | Noticed a deep elf pyromancer
 13691 | D:11     | Found a frozen archway.
 13872 | IceCv    | Entered an ice cave
 14572 | D:11     | Noticed a cyclops
 14807 | Lair:1   | Entered Level 1 of the Lair of Beasts
 14906 | Lair:1   | Found a dark tunnel.
 14942 | Volcano  | Entered a volcano
 14969 | Volcano  | Received a gift from Nemelex Xobeh
 15008 | Volcano  | Noticed a stone giant
 15029 | Volcano  | Noticed a sphinx
 15029 | Volcano  | a stone giant changed into a sphinx
 15030 | Volcano  | Paralysed by a sphinx for 5 turns
 15034 | Volcano  | Killed from afar by a sphinx

Illustrated notes

Levels and vault maps discovered:
D:1:      evilmike_arrival_crescent, layout_rooms
D:2:      layout_basic, lemuel_doored_altar
D:3:      layout_basic, lemuel_crystal_altar, lemuel_crystal_altar, uniq_ijyb,
          uniq_grinder, uniq_crazy_yiuf_cottage
D:4:      layout_cave_pools, st_stairs_13, minmay_misc_feat_chi, uniq_robin,
          uniq_menkaure
D:5:      layout_basic, minmay_temple_entry_grid
D:6:      layout_rooms, cheibrodos_sewer_entry_sluice
D:7:      cheibrodos_wizards_tower, layout_loops_cross, grunt_potential
D:8:      layout_layer_cave, lemuel_crystal_altar
D:9:      nzn_winding_woodlands_medium [nzn_winding_woodlands_5x5_checkerboard,
          nzn_winding_woodlands_5x15_garden, nzn_winding_woodlands_5x5_cross,
          nzn_winding_woodlands_5x5_closed_star,
          nzn_winding_woodlands_center_garden,
          nzn_winding_woodlands_5x5_default,
          nzn_winding_woodlands_5x5_perimeter,
          nzn_winding_woodlands_5x15_jagged, nzn_winding_woodlands_5x5_three],
          layout_layer_cave, uniq_psyche
D:10:     layout_long_grid, erik_lair_orcish_takeover, enter_trove_3
D:11:     layout_basic, orc_0_dummy, portal_ice_cave_demonic_guard,
          serial_curves, eino_curves_02, eino_curves_03
D:12:     layout_loops_cross, david_defended_altar_orc
D:13:     layout_loops_ring, david_vaults_4, serial_shops, shop, st_stairs_12,
          minmay_tree_intersection
Temple:   nicolae_temple_no_exploring_needed
Lair:1:   layout_cave_shapes, nicolae_volcano_entry_lava_flow,
          guppyfry_lair_drakes
Volcano:  volcano_pools

Skill      XL: |  1  2  3  4  5  6  7  8  9 10 11 |
---------------+----------------------------------+-----
Fighting       | 2 3 4 |  4.9
Maces & Flails | 1 2 4 5 7 9 11 12 | 12.7
Earth Magic    | 1 3 4 5 |  5.5
Armour         | 3 4 5 6 |  6.0
Invocations    | 2 4 7 8 |  8.8
Dodging        | 1 3 4 |  4.0
Stealth        | |  1.1
Shields        | |  0.8
Evocations     | |  2.6

Action                   |  1- 3 |  4- 6 |  7- 9 | 10-12 || total
-------------------------+-------+-------+-------+-------++-------
Melee: Club              |    66 |       |       |       ||    66
       Mace              |    69 |   123 |       |       ||   192
       Flail             |       |    44 |       |    48 ||    92
       Quarterstaff      |       |    33 |   476 |   329 ||   838
       Unarmed           |       |       |       |     1 ||     1
       Morningstar       |       |       |       |   118 ||   118
       Dire flail        |       |       |       |    12 ||    12
Throw: Dart              |       |     6 |     4 |    12 ||    22
       Throwing net      |       |       |       |     1 ||     1
Invok: Draw Destruction  |       |       |     1 |     7 ||     8
       Draw Escape       |       |       |       |     1 ||     1
       Draw Summoning    |       |       |       |     1 ||     1
Evoke: Wand              |     3 |     4 |     7 |    43 ||    57
  Use: Scroll            |       |       |    12 |     8 ||    20
       Potion            |       |       |     1 |     6 ||     7
 Stab: Sleeping          |     1 |       |       |       ||     1
       Petrified         |       |       |       |     5 ||     5
       Paralysed         |       |       |       |     5 ||     5
Armor: Leather armour    |    21 |       |       |       ||    21
       Ring mail         |    57 |   114 |   190 |       ||   361
       Scale mail        |       |       |    41 |   274 ||   315
       Troll leather arm |       |       |    32 |       ||    32
       Skin              |       |       |       |     7 ||     7
Dodge: Dodged            |    95 |   123 |   266 |   270 ||   754
Block: Kite shield       |       |       |       |     7 ||     7

Table legend: (Time is in decaauts)
 A = Elapsed time spent in this place.
 B = Non-inter-level travel time spent in this place.
 C = Inter-level travel time spent in this place.
 D = Time resting spent in this place.
 E = Time spent auto-exploring this place.
 F = Levels seen in this place.
 G = Mean time per level.
                   A        B        C        D        E       F      G
               +--------+--------+--------+--------+--------+-----+--------+
         Total |  15159 |  14447 |    712 |   1442 |   9493 |  18 |  842.2 |
       Dungeon |  14284 |  13578 |    706 |   1184 |   9191 |  13 | 1098.8 |
        Temple |     14 |      8 |      6 |      0 |      0 |   1 |   14.0 |
          Lair |    135 |    135 |      0 |     25 |     46 |   1 |  135.0 |
         Sewer |    276 |    276 |      0 |      0 |    184 |   1 |  276.0 |
      Ice Cave |    355 |    355 |      0 |    233 |     46 |   1 |  355.0 |
       Volcano |     93 |     93 |      0 |      0 |     26 |   1 |   93.0 |
               +--------+--------+--------+--------+--------+-----+--------+

Top non-repeatable levels by time:
     D:3: 2106 daAuts
     D:9: 1736 daAuts
     D:2: 1624 daAuts
     D:8: 1469 daAuts
    D:10: 1399 daAuts
     D:5: 1365 daAuts
     D:4: 1024 daAuts
     D:1: 1023 daAuts
     D:7: 957 daAuts
    D:11: 806 daAuts
     D:6: 667 daAuts
   IceCv: 355 daAuts
   Sewer: 276 daAuts
  Lair:1: 135 daAuts
 Volcano: 93 daAuts
